 Dungeon Crawl Stone Soup version 0.32-a0-996-gb3226c233f (webtiles) character file.

Game seed: 2621641706265518168

507 hikkokomori the Chopper (level 6, 0/53 HPs)
             Began as a Mountain Dwarf Warper on Apr 24, 2024.
             Slain by a black bear (3 damage)
             ... on level 6 of the Dungeon.
             The game lasted 00:09:02 (3917 turns).

hikkokomori the Chopper (Mountain Dwarf Warper)     Turns: 3917, Time: 00:09:03

Health: 0/53       AC:  5    Str: 18    XL:     6   Next: 97%
Magic:  19/19      EV: 10    Int: 13    God:
Gold:   197        SH:  0    Dex: 11    Spells: 6/11 levels left

rFire   + . .        a - +0 hand axe
rCold   x . .        (no shield)
rNeg    . . .        f - +1 leather armour "Ygisogh" {rC- Will+ Str+2 Dex+2}
rPois   .            (no helmet)
rElec   .            (no cloak)
rCorr   .            j - +0 pair of gloves
SInv    .            (no boots)
Will    ++...        (no amulet)
Stlth   +            o - ring of magical power
HPRegen 0.28/turn    e - ring of willpower
MPRegen 0.16/turn

%: no passive effects
@: no status effects
A: runic magic, artefact enchanting, fire resistance 1, sturdy frame 1
a: no special abilities


You were on level 6 of the Dungeon.
You visited 1 branch of the dungeon, and saw 6 of its levels.

You collected 197 gold pieces.

Inventory:

Hand Weapons
 a - a +0 hand axe (weapon)
Missiles
 d - 4 darts of dispersal (quivered)
 m - 6 javelins
 z - 2 boomerangs
Armour
 b - a +0 leather armour
 f - the +1 leather armour "Ygisogh" (worn) {rC- Will+ Str+2 Dex+2}
   (You found it on level 3 of the Dungeon)

   Str+2:     It affects your strength (+2).
   Dex+2:     It affects your dexterity (+2).
   rC-:       It makes you vulnerable to cold.
   Will+:     It increases your willpower.
 j - a +0 pair of gloves (worn)
 k - the +0 leather armour of Ru's Outrage {Rampage Will- Str+5 Dex+2}
   (You found it on level 3 of the Dungeon)

   Str+5:     It affects your strength (+5).
   Dex+2:     It affects your dexterity (+2).
   Will-:     It decreases your willpower.
   Rampage:   It bestows one free step when moving towards enemies.
 p - a +0 ring mail
Jewellery
 e - a ring of willpower (right hand)
 o - a ring of magical power (left hand)
 y - an amulet of faith
Wands
 n - a wand of acid (2)
Scrolls
 c - 2 scrolls of blinking
 i - 3 scrolls of amnesia
 l - a scroll of acquirement
 s - a scroll of enchant armour
 v - a scroll of fog
 x - a scroll of immolation {unknown}
Potions
 g - 3 potions of curing
 h - a potion of haste
 q - a potion of magic
 r - a potion of might
 t - a potion of cancellation
 u - 2 potions of mutation


   Skills:
 + Level 4.6 Fighting
 + Level 5.3 Axes
 - Level 0.7 Throwing
 - Level 1.1 Armour
 - Level 1.3 Dodging
 - Level 3.0 Spellcasting
 - Level 3.1 Translocations
 + Level 2.9 Evocations


You had 6 spell levels left.
You knew the following spells:

 Your Spells              Type           Power      Damage    Failure   Level
a - Blink                 Tloc           20%        N/A       10%         2
b - Maxwell's Portable P  Tloc           10%        2d(6-16)  19%         3

Your spell library contained the following spells:

 Spells                   Type           Power      Damage    Failure   Level
 Lesser Beckoning         Tloc           20%        N/A       10%         2
 Teleport Other           Tloc           10%        N/A       19%         3
 Call Imp                 Summ           2%         N/A       34%         2
 Ensorcelled Hibernation  Hex/Ice        2%         N/A       34%         2
 Sublimation of Blood     Necr           1%         N/A       34%         2
 Passwall                 Erth           1%         N/A       56%         3
 Swiftness                Air            1%         N/A       56%         3
 Vhi's Electric Charge    Tloc/Air       12%        N/A       77%         4
 Summon Hydra             Summ           0%         N/A       100%        7


Dungeon Overview and Level Annotations

Branches:
Dungeon (6/15)
 Temple: D:4-7

Altars:
Fedhas

Annotations:
D:3 3 runed translucent doors, Lemonizer's ghost, amateur CoCK
D:5 Menkaure


Innate Abilities, Weirdness & Mutations

Your spellcasting is much less encumbered by armour.
You can use scrolls of enchantment on lesser artefacts.
Your flesh is heat resistant. (rF+)
Your movements are slightly less encumbered by armour. (ER -2)


Message History

The black bear barely misses you.
The black bear claws you but does no damage.
You hit the black bear.
The black bear is moderately wounded.
The black bear bites you! The black bear claws you. x2
* * * LOW HITPOINT WARNING * * *
You barely miss the black bear.
The black bear is moderately wounded.
The black bear bites you but does no damage.
The black bear claws you.
* * * LOW HITPOINT WARNING * * *
The black bear claws you but does no damage.
Aiming: Corrosive Bolt
Press: ? - help, Shift-Dir - straight line, f - black bear
Aim: a black bear (moderately wounded, 81% to hit)
The bolt of acid hits the black bear!
The acid corrodes the black bear!
The black bear is almost dead.
The black bear goes berserk!
Okay, then.
Press: ? - help, v - describe, . - travel
Here: a black bear (almost dead, berserk, covered in acid)
The floor.
Unknown command.
Unknown command.
You closely miss the black bear.
The black bear is almost dead.
The black bear closely misses you. The black bear barely misses you.
The black bear closely misses you.
Unknown command.
You hit the black bear but do no damage.
The black bear is almost dead.
The black bear closely misses you. The black bear claws you.
* * * LOW HITPOINT WARNING * * *
The black bear claws you but does no damage.
The black bear bites you!
* * * LOW HITPOINT WARNING * * *
The black bear claws you.
* * * LOW HITPOINT WARNING * * *
The black bear claws you.
You die...

# #. ..
###+######
.#...#...#
+.@.#
.#...#h..#
##...#####
.... ...
.. #


You could see a black bear (berserk, corroded).

Vanquished Creatures
  An ogre (D:3)
  A scorpion (D:5)
  3 hounds
  An iguana (D:4)
  Terence (D:2)
  Natasha (twice) (D:4)
  4 gnolls
  7 adders
  A dart slug (D:4)
  3 ribbon worms
  An orc (D:3)
  2 ball pythons
  7 endoplasms
  2 giant cockroaches (D:4)
  3 goblins
  6 hobgoblins
  9 jackals
  A quokka (D:1)
  4 bats
  4 frilled lizards
  8 kobolds
  5 rats
76 creatures vanquished.

Notes
Turn   | Place    | Note
-------+----------+-------------------------------------------
     0 | D:1      | hikkokomori the Mountain Dwarf Warper began the quest for
                  | the Orb.
     0 | D:1      | Reached XP level 1. HP: 17/17 MP: 3/3
   310 | D:1      | Reached XP level 2. HP: 25/25 MP: 4/4
  1011 | D:2      | Learned a level 2 spell: Blink
  1135 | D:2      | Noticed Terence
  1173 | D:2      | Killed Terence
  1174 | D:2      | Reached skill level 3 in Axes
  1174 | D:2      | Reached XP level 3. HP: 21/30 MP: 6/6
  1566 | D:2      | Reached XP level 4. HP: 19/38 MP: 7/7
  1722 | D:3      | Noticed Lemonizer's ghost (amateur CoCK)
  1747 | D:3      | Gained mutation: Your movements are slightly less
                  | encumbered by armour. (ER -2) [potion of mutation]
  1747 | D:3      | Gained mutation: Your flesh is heat resistant. (rF+)
                  | [potion of mutation]
  2057 | D:3      | Learned a level 3 spell: Maxwell's Portable Piledriver
  2083 | D:3      | Reached XP level 5. HP: 45/45 MP: 8/8
  2211 | D:2      | Identified a scroll of acquirement
  2367 | D:3      | Reached skill level 4 in Axes
  2385 | D:3      | Found a runed translucent gate.
  2385 | D:3      | Found a runed translucent gate.
  2385 | D:3      | Found a runed translucent gate.
  2389 | D:3      | Identified the +1 leather armour "Ygisogh" {rC- Will+ Str+2
                  | Dex+2}
  2437 | D:3      | Identified the +0 leather armour of Ru's Outrage {Rampage
                  | Will- Str+5 Dex+2}
  2631 | D:3      | Reached skill level 1 in Evocations
  2896 | D:4      | Noticed an ogre
  2912 | D:3      | Killed an ogre
  2913 | D:3      | Reached XP level 6. HP: 19/52 MP: 10/10
  3290 | D:4      | Found a blossoming altar of Fedhas.
  3292 | D:4      | Noticed Natasha
  3301 | D:4      | Killed Natasha
  3346 | D:4      | Noticed Natasha
  3360 | D:4      | Killed Natasha
  3449 | D:4      | Reached skill level 5 in Axes
  3824 | D:5      | Entered Level 5 of the Dungeon
  3848 | D:5      | Noticed Menkaure
  3917 | D:6      | Slain by a black bear

Illustrated notes

Levels and vault maps discovered:
D:1:      dpeg_arrival_three_bigger_balls, layout_basic
D:2:      layout_rooms, minmay_misc_feat_nine_boxes, uniq_terence
D:3:      layout_basic, gammafunk_ghost_icy, chequers_jeans
D:4:      layout_loops_ring, fedhas_altar_2, uniq_natasha
D:5:      layout_rooms, regret_index_kikubaaqudgha_part_by_part,
          minmay_temple_entry_trees, gammafunk_ghost_grave, uniq_menkaure
D:6:      layout_cave_pods, nicolae_elevator_lobby_plus, uniq_grinder

Skill      XL: |  1  2  3  4  5  6 |
---------------+-------------------+-----
Spellcasting   | 2 3 |  3.0
Axes           | 3 4 5 |  5.3
Fighting       | 3 4 |  4.6
Translocations | 3 |  3.1
Evocations     | 1 2 |  2.9
Throwing       | |  0.7
Armour         | |  1.1
Dodging        | |  1.3

Action                     |  1- 3 |  4- 6 || total
---------------------------+-------+-------++-------
  Melee: Hand axe          |   147 |   236 ||   383
  Throw: Dart              |       |     3 ||     3
  Evoke: Wand              |       |     2 ||     2
    Use: Potion            |     4 |     3 ||     7
         Scroll            |     1 |     7 ||     8
   Stab: Sleeping          |       |     1 ||     1
 Armour: Leather armour    |    48 |   118 ||   166
         Ring mail         |    45 |   119 ||   164
         Skin              |     8 |       ||     8
  Dodge: Dodged            |    69 |   167 ||   236

Table legend: (Time is in decaauts)
 A = Elapsed time spent in this place.
 B = Non-inter-level travel time spent in this place.
 C = Inter-level travel time spent in this place.
 D = Time resting spent in this place.
 E = Time spent auto-exploring this place.
 F = Levels seen in this place.
 G = Mean time per level.
                   A        B        C        D        E       F      G
               +--------+--------+--------+--------+--------+-----+--------+
         Total |   3937 |   3886 |     51 |    698 |   2264 |   6 |  656.2 |
       Dungeon |   3937 |   3886 |     51 |    698 |   2264 |   6 |  656.2 |
               +--------+--------+--------+--------+--------+-----+--------+

Top non-repeatable levels by time:
     D:2: 1205 daAuts
     D:3: 945 daAuts
     D:1: 870 daAuts
     D:4: 820 daAuts
     D:6: 59 daAuts
     D:5: 34 daAuts
